TOP OF THE 1ST |
Vista Panthers batting - Pitching for Seattle Pikes : LHP Mike Graves
|
Pitching: LHP Mike Graves
|
|
Batting: LHB Bob Cunningham
|
0-0: Ball 1-0: Swinging Strike 1-1: Fly out, F7 (Flyball, 7S)
|
Batting: RHB Alfredo Rivera
|
0-0: Foul Ball, location: 2F 0-1: Ball 1-1: Ball 2-1: Swinging Strike 2-2: Ball 3-2: SOLO HOME RUN (Flyball, 7D), Distance : 385 ft
|
Batting: RHB Stephen Wilson
|
0-0: Ball 1-0: Foul Ball, location: 2F 1-1: Called Strike 1-2: Ball 2-2: Strikes out swinging
|
Batting: RHB Phil Matthews
|
0-0: Fly out, F7 (Line Drive, 78S)
|
Top of the 1st over - 1 run(s), 1 hit(s), 0 error(s), 0 left on base; Vista 1 - Seattle 0 |
BOTTOM OF THE 1ST |
Seattle Pikes batting - Pitching for Vista Panthers : RHP Dave Jackson
|
Pitching: RHP Dave Jackson
|
|
Batting: LHB Roberto Lozano
|
0-0: Called Strike 0-1: Ball 1-1: Foul Ball, location: 2F 1-2: Ground out 1-3 (Groundball, P)
|
Batting: RHB Pete Rideout
|
0-0: Called Strike 0-1: Swinging Strike 0-2: Strikes out swinging
|
Batting: RHB Wallace Greene
|
0-0: Ball 1-0: Foul Ball, location: 2F 1-1: Foul Ball, location: 2F 1-2: Ball 2-2: Foul Ball, location: 2F 2-2: Reached on error, E4 (Groundball, 4)
|
Batting: LHB David Monahan
|
0-0: Called Strike Wallace Greene is caught stealing 2nd base
|
Bottom of the 1st over - 0 run(s), 0 hit(s), 1 error(s), 0 left on base; Vista 1 - Seattle 0 |
TOP OF THE 2ND |
Vista Panthers batting - Pitching for Seattle Pikes : LHP Mike Graves
|
Batting: RHB Justin Burgess
|
0-0: Ball 1-0: Ball 2-0: Foul Ball, location: 2F 2-1: Ball 3-1: Foul Ball, location: 2F 3-2: Foul Ball, location: 2F 3-2: Ground out 5-3 (Groundball, 5S)
|
Batting: RHB Guo-xiu Choi
|
0-0: Called Strike 0-1: Ball 1-1: Foul Ball, location: 2F 1-2: Ball 2-2: Ground out 4-3 (Groundball, 4S)
|
Batting: RHB Mario Beltrán
|
0-0: Foul Ball, location: 2F 0-1: Called Strike 0-2: Foul Ball, location: 2F 0-2: Strikes out swinging, 2-3 out at first.
|
Top of the 2nd over - 0 run(s), 0 hit(s), 0 error(s), 0 left on base; Vista 1 - Seattle 0 |
BOTTOM OF THE 2ND |
Seattle Pikes batting - Pitching for Vista Panthers : RHP Dave Jackson
|
Batting: LHB David Monahan
|
0-0: Ball 1-0: Fly out, F7 (Flyball, 78D)
|
Batting: RHB Manuel Rico
|
0-0: Ball 1-0: Ball 2-0: Ground out 1-3 (Groundball, 15)
|
Batting: LHB Gary Kern
|
0-0: Fly out, F6 (Popup, 6D)
|
Bottom of the 2nd over - 0 run(s), 0 hit(s), 0 error(s), 0 left on base; Vista 1 - Seattle 0 |
TOP OF THE 3RD |
Vista Panthers batting - Pitching for Seattle Pikes : LHP Mike Graves
|
Batting: SHB Mark Wells
|
0-0: Swinging Strike 0-1: Called Strike 0-2: Ball 1-2: Foul Ball, location: 2F 1-2: Strikes out swinging
|
Batting: RHB Johnny Williams
|
0-0: Ball 1-0: Foul Ball, location: 2F 1-1: Fly out, F4 (Popup, 3D)
|
Batting: LHB Bob Cunningham
|
0-0: Ball 1-0: Ball 2-0: Called Strike 2-1: Ground out 4-3 (Groundball, 34)
|
Top of the 3rd over - 0 run(s), 0 hit(s), 0 error(s), 0 left on base; Vista 1 - Seattle 0 |
BOTTOM OF THE 3RD |
Seattle Pikes batting - Pitching for Vista Panthers : RHP Dave Jackson
|
Batting: RHB Will Brown
|
0-0: Ball 1-0: Fly out, F6 (Popup, 6MD)
|
Batting: RHB Arnold Harmon
|
0-0: SOLO HOME RUN (Flyball, 7D), Distance : 377 ft
|
Batting: SHB Richard Bowman
|
0-0: Ball 1-0: Foul Ball, location: 2F 1-1: Ground out 6-3 (Groundball, 6M)
|
Batting: LHB Roberto Lozano
|
0-0: Ball 1-0: Ball 2-0: Called Strike 2-1: Foul Ball, location: 2F 2-2: Foul Ball, location: 2F 2-2: Fly out, F6 (Line Drive, 6S)
|
Bottom of the 3rd over - 1 run(s), 1 hit(s), 0 error(s), 0 left on base; Vista 1 - Seattle 1 |
TOP OF THE 4TH |
Vista Panthers batting - Pitching for Seattle Pikes : LHP Mike Graves
|
Batting: RHB Alfredo Rivera
|
0-0: Ball 1-0: Called Strike 1-1: Foul Ball, location: 2F 1-2: Ball 2-2: SINGLE (Groundball, 56S) (infield hit)
|
Batting: RHB Stephen Wilson
|
0-0: Called Strike 0-1: SINGLE (Flyball, 34D) Alfredo Rivera to second Runner from 2nd tries for 3rd, SAFE, throw made to third Stephen Wilson to second
|
Batting: RHB Phil Matthews
|
0-0: Ball 1-0: Called Strike 1-1: Ball 2-1: Ground out 6-3 (Groundball, 56) Alfredo Rivera scores
|
Batting: RHB Justin Burgess
|
0-0: Swinging Strike 0-1: Foul Ball, location: 2F 0-2: Ball 1-2: Fly out, F9 (Line Drive, 9)
|
Batting: RHB Guo-xiu Choi
|
0-0: Ball 1-0: Swinging Strike 1-1: Ball 2-1: SINGLE (Flyball, 78S) Stephen Wilson to third Runner from 3rd tries for Home, SAFE, no throw
|
Batting: RHB Mario Beltrán
|
0-0: Called Strike 0-1: SINGLE (Flyball, 89S) Guo-xiu Choi to second
|
Batting: SHB Mark Wells
|
0-0: Ball 1-0: Ball 2-0: Fielders Choice at 2nd, 4-6 (Groundball, 4)
|
Top of the 4th over - 2 run(s), 4 hit(s), 0 error(s), 1 left on base; Vista 3 - Seattle 1 |
BOTTOM OF THE 4TH |
Seattle Pikes batting - Pitching for Vista Panthers : RHP Dave Jackson
|
Batting: RHB Pete Rideout
|
0-0: Ball 1-0: DOUBLE (Line Drive, 7LM)
|
Batting: RHB Wallace Greene
|
0-0: Foul Ball, location: 2F 0-1: Ball 1-1: Foul Ball, location: 2F 1-2: Strikes out swinging
|
Batting: LHB David Monahan
|
0-0: Called Strike 0-1: Ball 1-1: Swinging Strike 1-2: Ground out 6-3 (Groundball, 6)
|
Batting: RHB Manuel Rico
|
0-0: Ball 1-0: Swinging Strike 1-1: Ball 2-1: DOUBLE (Line Drive, 8LXD) Pete Rideout scores
|
Batting: LHB Gary Kern
|
0-0: Called Strike 0-1: Foul Ball, location: 2F 0-2: Strikes out looking
|
Bottom of the 4th over - 1 run(s), 2 hit(s), 0 error(s), 1 left on base; Vista 3 - Seattle 2 |
TOP OF THE 5TH |
Vista Panthers batting - Pitching for Seattle Pikes : LHP Mike Graves
|
Batting: RHB Johnny Williams
|
0-0: Ball 1-0: Swinging Strike 1-1: Ball 2-1: Ball 3-1: Called Strike 3-2: DOUBLE (Line Drive, 9)
|
Batting: LHB Bob Cunningham
|
0-0: Foul Ball, location: 2F 0-1: Ball 1-1: Foul Ball, location: 2F 1-2: Foul Ball, location: 2F 1-2: Ball 2-2: Foul Ball, location: 2F 2-2: Ball 3-2: SINGLE (Flyball, 8LS) Johnny Williams to third
|
Batting: RHB Alfredo Rivera
|
0-0: Fly out, F9 (Flyball, 9) Runner from 3rd tags up, SCORES, no throw
|
Batting: RHB Stephen Wilson
|
0-0: DOUBLE (Line Drive, 7LD) Bob Cunningham to third
|
Batting: RHB Phil Matthews
|
0-0: Ground out 6-3 (Groundball, 6)
|
Batting: RHB Justin Burgess
|
0-0: Called Strike 0-1: Ground out 1-3 (Groundball, 15S)
|
Top of the 5th over - 1 run(s), 3 hit(s), 0 error(s), 2 left on base; Vista 4 - Seattle 2 |
BOTTOM OF THE 5TH |
Seattle Pikes batting - Pitching for Vista Panthers : RHP Dave Jackson
|
Batting: RHB Will Brown
|
0-0: Ball 1-0: Called Strike 1-1: Ball 2-1: DOUBLE (Line Drive, 7LD)
|
Batting: RHB Arnold Harmon
|
0-0: Called Strike 0-1: SINGLE (Line Drive, 4M) Will Brown to third
|
Batting: SHB Richard Bowman
|
0-0: SINGLE (Groundball, 6D) Will Brown scores Arnold Harmon to second
|
Batting: LHB Roberto Lozano
|
0-0: Called Strike 0-1: SINGLE (Line Drive, 4D) Arnold Harmon to third Richard Bowman to second
|
Batting: RHB Pete Rideout
|
0-0: Called Strike 0-1: Grounds into double play, 5-4-3 (Groundball, 56) Arnold Harmon scores Richard Bowman to third
|
Pitching: RHP Doug Singleton
|
|
Batting: RHB Wallace Greene
|
0-0: Foul Ball, location: 2F 0-1: Ball 1-1: Ball 2-1: Called Strike 2-2: Foul Ball, location: 2F 2-2: Reached on error, E5 (Groundball, 56) Richard Bowman scores
|
Batting: LHB David Monahan
|
0-0: Ball 1-0: Ball 2-0: Fielders Choice at 2nd, 4-6 (Groundball, 4)
|
Bottom of the 5th over - 3 run(s), 4 hit(s), 1 error(s), 0 left on base; Vista 4 - Seattle 5 |
TOP OF THE 6TH |
Vista Panthers batting - Pitching for Seattle Pikes : LHP Mike Graves
|
Pitching: RHP Francisco Carrasco
|
|
Batting: RHB Guo-xiu Choi
|
0-0: SINGLE (Line Drive, 6M)
|
Batting: RHB Mario Beltrán
|
0-0: Ball 1-0: Called Strike 1-1: SINGLE (Groundball, 34D) Guo-xiu Choi to second Runner from 2nd tries for 3rd, SAFE, no throw
|
Batting: SHB Mark Wells
|
0-0: Called Strike 0-1: Ground out 4-3 (Groundball, 4) Mario Beltrán to second
|
Batting: RHB Johnny Williams
|
0-0: Ball 1-0: Called Strike 1-1: Foul Ball, location: 2F 1-2: Ball 2-2: Strikes out swinging
|
Batting: LHB Bob Cunningham
|
0-0: Ball 1-0: DOUBLE (Groundball, 3L) Guo-xiu Choi scores Mario Beltrán scores
|
Pitching: RHP Jesús Suárez
|
|
Batting: RHB Alfredo Rivera
|
0-0: Ball 1-0: Ball 2-0: Ground out 6-3 (Groundball, 6)
|
Top of the 6th over - 2 run(s), 3 hit(s), 0 error(s), 1 left on base; Vista 6 - Seattle 5 |
BOTTOM OF THE 6TH |
Seattle Pikes batting - Pitching for Vista Panthers : RHP Doug Singleton
|
Batting: RHB Manuel Rico
|
0-0: Called Strike 0-1: Foul Ball, location: 2F 0-2: Foul Ball, location: 2F 0-2: SOLO HOME RUN (Flyball, 7D), Distance : 370 ft
|
Batting: LHB Gary Kern
|
0-0: Ball 1-0: Ball 2-0: Foul Ball, location: 2F 2-1: Swinging Strike 2-2: Ground out U3 (Groundball, 3)
|
Batting: RHB Will Brown
|
0-0: Ball 1-0: Foul Ball, location: 2F 1-1: Ball 2-1: Ball 3-1: Base on Balls
|
Batting: RHB Arnold Harmon
|
0-0: Called Strike 0-1: Fly out, F9 (Flyball, 9LS)
|
Batting: SHB Richard Bowman
|
0-0: Called Strike 0-1: SINGLE (Groundball, 4MD) Will Brown to second Throwing error, E8 Will Brown scores Richard Bowman to second
|
Batting: LHB Roberto Lozano
|
0-0: Called Strike 0-1: Ball 1-1: Ball 2-1: SINGLE (Line Drive, 78S) Richard Bowman to third
|
Pitching: LHP António Martínez
|
|
Batting: RHB Pete Rideout
|
0-0: Foul Ball, location: 2F 0-1: Ball 1-1: Foul Ball, location: 2F 1-2: Ground out 4-3 (Groundball, 4MS)
|
Bottom of the 6th over - 2 run(s), 3 hit(s), 1 error(s), 2 left on base; Vista 6 - Seattle 7 |
TOP OF THE 7TH |
Vista Panthers batting - Pitching for Seattle Pikes : RHP Jesús Suárez
|
Batting: RHB Stephen Wilson
|
0-0: Fly out, F7 (Flyball, 7S)
|
Batting: RHB Phil Matthews
|
0-0: Swinging Strike 0-1: Fly out, F9 (Flyball, 89S)
|
Batting: RHB Justin Burgess
|
0-0: Ball 1-0: Ball 2-0: Ground out 6-3 (Groundball, 6MS)
|
Top of the 7th over - 0 run(s), 0 hit(s), 0 error(s), 0 left on base; Vista 6 - Seattle 7 |
BOTTOM OF THE 7TH |
Seattle Pikes batting - Pitching for Vista Panthers : LHP António Martínez
|
Batting: RHB Wallace Greene
|
0-0: Called Strike 0-1: Ground out U3 (Groundball, 3)
|
Batting: LHB David Monahan
|
0-0: Foul Ball, location: 2F 0-1: Ball 1-1: Ball 2-1: Fly out, F3 (Line Drive, 3)
|
Batting: RHB Manuel Rico
|
0-0: Ball 1-0: Ball 2-0: Foul Ball, location: 2F 2-1: Ball 3-1: Called Strike 3-2: Base on Balls
|
Pinch Hitting: RHB Dennis Stephenson
|
0-0: Ball 1-0: Ball 2-0: Ball 3-0: Called Strike 3-1: Swinging Strike 3-2: Strikes out swinging
|
Bottom of the 7th over - 0 run(s), 0 hit(s), 0 error(s), 1 left on base; Vista 6 - Seattle 7 |
TOP OF THE 8TH |
Vista Panthers batting - Pitching for Seattle Pikes : RHP Jesús Suárez
|
Pitching: RHP Orlando Ojeda
|
|
Now at 3B: Iván Gonzáles
|
|
Batting: RHB Guo-xiu Choi
|
0-0: Called Strike 0-1: Called Strike 0-2: Strikes out swinging
|
Batting: RHB Mario Beltrán
|
0-0: Called Strike 0-1: Ball 1-1: SINGLE (Line Drive, 34D)
|
Pitching: LHP Manny Sandoval
|
|
Batting: SHB Mark Wells
|
0-0: Ball 1-0: SINGLE (Groundball, 34D) Mario Beltrán to second Runner from 2nd tries for 3rd, SAFE, throw made to third
|
Batting: RHB Johnny Williams
|
0-0: Foul Ball, location: 2F 0-1: Foul Ball, location: 2F 0-2: Foul Ball, location: 2F 0-2: Ball 1-2: Strikes out swinging
|
Pinch Hitting: LHB Juan Cortés
|
0-0: Ball 1-0: Ball 2-0: Foul Ball, location: 2F 2-1: Foul Ball, location: 2F 2-2: Strikes out looking
|
Top of the 8th over - 0 run(s), 2 hit(s), 0 error(s), 2 left on base; Vista 6 - Seattle 7 |
BOTTOM OF THE 8TH |
Seattle Pikes batting - Pitching for Vista Panthers : LHP António Martínez
|
Now in RF: Juan Cortés
|
|
Batting: RHB Will Brown
|
0-0: Ball 1-0: Ball 2-0: Called Strike 2-1: Called Strike 2-2: Ball 3-2: Fly out, F9 (Flyball, 9LM)
|
Batting: RHB Arnold Harmon
|
0-0: Called Strike 0-1: Ball 1-1: Ground out 1-3 (Groundball, 13)
|
Batting: SHB Richard Bowman
|
0-0: Ball 1-0: Ground out 6-3 (Groundball, 56)
|
Bottom of the 8th over - 0 run(s), 0 hit(s), 0 error(s), 0 left on base; Vista 6 - Seattle 7 |
TOP OF THE 9TH |
Vista Panthers batting - Pitching for Seattle Pikes : LHP Manny Sandoval
|
Pitching: LHP Cristián Escobar
|
|
Batting: RHB Alfredo Rivera
|
0-0: Foul Ball, location: 2F 0-1: Foul Ball, location: 2F 0-2: Ball 1-2: Ball 2-2: Ball 3-2: Ground out 5-3 (Groundball, 56S)
|
Batting: RHB Stephen Wilson
|
0-0: Ball 1-0: Ball 2-0: Swinging Strike 2-1: Ball 3-1: Swinging Strike 3-2: Strikes out swinging
|
Batting: RHB Phil Matthews
|
0-0: Called Strike 0-1: DOUBLE (Line Drive, 7LD)
|
Batting: RHB Justin Burgess
|
0-0: Ball 1-0: Swinging Strike 1-1: Swinging Strike 1-2: Strikes out looking
|
Top of the 9th over - 0 run(s), 1 hit(s), 0 error(s), 1 left on base; Vista 6 - Seattle 7 |
|